 Dungeon Crawl Stone Soup version 0.27.1-1-g398f81649c (webtiles) character file.

Game seed: 2473625761363200317

77 calewdscratch the Firebug (level 4, -2/24 HPs)
             Began as a Gargoyle Fire Elementalist on Sept 10, 2021.
             Slain by a hobgoblin (6 damage)
             ... led by Robin
             ... on level 3 of the Dungeon on Sept 11, 2021.
             The game lasted 00:36:15 (2509 turns).

calewdscratch the Firebug (GrFE)                    Turns: 2509, Time: 00:36:17

Health: -2/24      AC:  9    Str: 12    XL:     4   Next: 34%
Magic:  8/8        EV: 15    Int: 16    God:
Gold:   138        SH:  0    Dex: 10    Spells: 4/8 levels left

rFire    . . .     SeeInvis .   a - +2 whip (drain)
rCold    . . .     Faith    .   (no shield)
rNeg     + . .     Spirit   .   i - +0 robe
rPois    ∞         Reflect  .   m - +0 helmet
rElec    +         Harm     .   (no cloak)
rCorr    .         Rampage  .   (no gloves)
Will     .....                  b - +2 pair of boots
Stlth    ++........             (no amulet)
HPRegen  0.08/turn              c - +4 ring of evasion
MPRegen  0.11/turn              (no ring)

@: no status effects
A: sickness immunity, AC +3, negative energy resistance 1, electricity
resistance, torment resistance 1, petrification resistance
a: no special abilities


You were on level 3 of the Dungeon.
You visited 1 branch of the dungeon, and saw 3 of its levels.

You collected 138 gold pieces.

Inventory:

Hand Weapons
 a - a +2 whip of draining (weapon)
 e - a +0 mace
 h - a +0 quarterstaff
Missiles
 d - 88 stones
 g - 6 curare-tipped darts
Armour
 b - a +2 pair of boots (worn)
 i - a +0 robe (worn)
 j - a +0 leather armour
 m - a +0 helmet (worn)
Jewellery
 c - a +4 ring of evasion (left hand)
Scrolls
 k - 4 scrolls of identify {unknown}
Potions
 f - a potion of curing {unknown}
 l - 2 potions of ambrosia {unknown}


   Skills:
 - Level 1.5 Dodging
 - Level 2.1 Stealth
 * Level 2.8 Spellcasting
 + Level 2.6 Conjurations
 * Level 3.8 Fire Magic


You had 4 spell levels left.
You knew the following spells:

 Your Spells              Type           Power      Damage    Failure   Level
a - Magic Dart            Conj           40%        1d5       6%          1
b - Foxfire               Conj/Fire      48%        2x1d6     4%          1
c - Searing Ray           Conj           20%        3d3       10%         2

Your spell library contained the following spells:

 Spells                   Type           Power      Damage    Failure   Level
 Conjure Flame            Conj/Fire      12%        6-21      16%         3
 Static Discharge         Conj/Air       6%         N/A       17%         2
 Beastly Appendage        Tmut           4%         N/A       19%         1
 Inner Flame              Hex/Fire       8%         N/A       26%         3
 Wereblood                Tmut           2%         N/A       28%         2
 Sticky Flame             Conj/Fire      12%        2d4       45%         4
 Spider Form              Tmut/Pois      1%         N/A       50%         3
 Fulminant Prism          Conj/Hex       3%         3d6       73%         4
 Fireball                 Conj/Fire      6%         3d5       80%         5
 Lightning Bolt           Conj/Air       3%         1d14      97%         5
 Maxwell's Capacitive Co  Air            1%         ∞         100%        8
 Chain Lightning          Conj/Air       3%         3d4       100%        9
 Fire Storm               Conj/Fire      6%         8d2       100%        9


Dungeon Overview and Level Annotations

Branches:
Dungeon (3/15)

Altars:

Annotations:
D:3 Robin


Innate Abilities, Weirdness & Mutations

You are immune to sickness and miasma.
Your stone body is resilient. (AC +3)
You are immune to poison.
You resist negative energy. (rN+)
You are resistant to electric shocks. (rElec)
You are resistant to unholy torment.
You are immune to petrification.


Message History

You hit the goblin.
You kill the goblin!
Robin zaps a wand.
The puff of flame misses you. The goblin barely misses you.
You barely miss the hobgoblin. Robin hits you but does no damage.
The hobgoblin hits you. The goblin hits you but does no damage.
You hit the hobgoblin but do no damage. Robin hits you but does no damage.
The goblin misses you.
The hobgoblin hits you but does no damage.
You barely miss the hobgoblin.
Robin hits you from afar with a +3 spear of flaming.
Robin burns you. The goblin misses you. The hobgoblin hits you.
You hit the goblin.
You kill the goblin!
The goblin no longer looks unusually strong.
Robin throws the goblin at you!
The hobgoblin hits you but does no damage.
The goblin closely misses you.
You closely miss the goblin.
The goblin no longer looks unusually strong.
The hobgoblin hits you.
* * * LOW HITPOINT WARNING * * *
The goblin hits you but does no damage.
You hit the goblin.
You kill the goblin!
The hobgoblin barely misses you. Robin throws the goblin at you!
The hobgoblin barely misses you.
You closely miss the goblin. The goblin misses you.
Robin hits you from afar with a +3 spear of flaming.
* * * LOW HITPOINT WARNING * * *
Robin burns you.
* * * LOW HITPOINT WARNING * * *
The hobgoblin barely misses you.
You whack the goblin!
You kill the goblin!
Robin hits you from afar with a +3 spear of flaming.
* * * LOW HITPOINT WARNING * * *
Robin burns you.
* * * LOW HITPOINT WARNING * * *
The hobgoblin hits you.
You die...

###.##.# #......#
#†#<...# ######
#.#.#.## #.....
#.#...# #.....
#.#...# #.....
#.#...# #.....
#)#...#######.....
#@#..>†...........
#g###.......#....)
g.. #.......#.....
.....#.......######
......#.......#
.......#.......#
........#.......#
.........#........
......... .


You could see Robin and a hobgoblin (strong).

Vanquished Creatures
  An adder (D:2)
  3 dart slugs
  An orc (D:3)
  5 ball pythons
  2 endoplasms (D:1)
  2 giant cockroaches
  17 goblins
  5 hobgoblins
  A quokka (D:1)
  3 bats
  6 frilled lizards
  9 kobolds
  4 rats (D:1)
59 creatures vanquished.

Vanquished Creatures (others)
  75 foxfires
  2 fungi (D:2)
  A plant (D:2)
78 creatures vanquished.

Grand Total: 137 creatures vanquished

Notes
Turn   | Place    | Note
-------+----------+-------------------------------------------
     0 | D:1      | calewdscratch the Gargoyle Fire Elementalist began the
                  | quest for the Orb.
     0 | D:1      | Reached XP level 1. HP: 10/10 MP: 3/3
   129 | D:1      | Learned a level 1 spell: Magic Dart
   283 | D:1      | Reached XP level 2. HP: 8/15 MP: 0/5
  1130 | D:1      | Reached XP level 3. HP: 19/19 MP: 2/6
  1297 | D:1      | Learned a level 2 spell: Searing Ray
  1645 | D:2      | Found a faded altar of an unknown god.
  2023 | D:2      | Reached XP level 4. HP: 24/24 MP: 5/8
  2490 | D:3      | Noticed Robin
  2509 | D:3      | Slain by a hobgoblin

Illustrated notes

Levels and vault maps discovered:
D:1:      dpeg_arrival_simpleton_b, layout_rooms, minmay_split_cup_large
D:2:      layout_rooms, shapermc_ecumenical_altar_hornbeckon
D:3:      layout_basic, ebering_ghost_reflecting_pool, uniq_robin

Skill      XL: |  1  2 |
---------------+-------+-----
Conjurations   | 2 |  2.6
Dodging        | |  1.5
Stealth        | |  2.1
Spellcasting   | |  2.8
Fire Magic     | |  3.8

Action                   |  1- 3 |  4- 6 || total
-------------------------+-------+-------++-------
Melee: Short sword       |     8 |       ||     8
       Mace              |     3 |       ||     3
       Whip              |       |    18 ||    18
 Cast: Magic Dart        |    32 |     4 ||    36
       Foxfire           |    32 |    12 ||    44
       Searing Ray       |     2 |       ||     2
Armor: Robe              |    10 |    12 ||    22
Dodge: Dodged            |    18 |    20 ||    38
